 Dungeon Crawl Stone Soup version 0.17-a0-81-g781747f (webtiles) character file.

182 Emanloe the Skirmisher (level 5, -1/47 HPs)
             Began as a Hill Orc Fighter on Mar 15, 2015.
             Slain by Sigmund
             ... wielding a +0 scythe
              (11 damage)
             ... on level 4 of the Dungeon.
             The game lasted 00:09:06 (2493 turns).

Emanloe the Skirmisher (Hill Orc Fighter)           Turns: 2493, Time: 00:09:07

Health: -1/47      AC:  9    Str: 19    XL:     5   Next: 62%
Magic:  5/5        EV:  8    Int:  8    God:
Gold:   121        SH: 10    Dex: 16    Spells: 0 memorised, 4 levels left

rFire  . . .     SeeInvis .     a - +1 long sword
rCold  . . .     Clarity  .     b - +0 scale mail
rNeg   . . .     SustAb   .     c - +0 shield
rPois  .         Gourm    .     (no helmet)
rElec  .         Spirit   .     (no cloak)
rCorr  +         Warding  .     (no gloves)
rMut   .         Stasis   .     f - +1 pair of boots
MR     .....                    g - amulet of resist corrosion
Stlth  ..........               (no ring)
                                n - +5 ring of dexterity

@: lethally poisoned (-1 -> -1), not resistant to hostile enchantments,
extremely unstealthy
A: no striking features
a: no special abilities


You were on level 4 of the Dungeon.
You were not hungry.

You visited 1 branch of the dungeon, and saw 4 of its levels.

You collected 121 gold pieces.

Inventory:

Hand weapons
 a - a +1 long sword (weapon)
Armour
 b - a +0 scale mail (worn)
 c - a +0 shield (worn)
 f - a +1 pair of boots (worn)
Jewellery
 g - an amulet of resist corrosion (around neck)
 n - a +5 ring of dexterity (left hand)
Magical devices
 d - a wand of flame (13)
 e - a wand of heal wounds (4)
 j - a wand of polymorph (13)
Scrolls
 h - 3 scrolls of identify
 i - 2 scrolls of remove curse
Potions
 m - a potion of curing
Comestibles
 k - 2 bread rations
 l - 2 meat rations
 o - a royal jelly


   Skills:
 + Level 4.7 Fighting
 + Level 3.2 Long Blades
 + Level 4.0 Armour
 + Level 1.5 Dodging
 + Level 4.3 Shields


You had 4 spell levels left.
You didn't know any spells.

Dungeon Overview and Level Annotations

Branches:
Dungeon (4/15)             Temple (0/1) D:4

Altars:

Annotations:
D:4 Sigmund


Message History

The worker ant bites you but does no damage.
You hit the worker ant but do no damage.
The worker ant is almost dead.
The worker ant barely misses you. Something hits you.
You barely miss the worker ant.
The worker ant is almost dead.
You block the worker ant's attack. The worker ant closely misses you.
Something hits you.
You are too injured to fight recklessly!
You are too injured to fight recklessly!
You are too injured to fight recklessly!
You are too injured to fight recklessly!
You hit the worker ant.
You kill the worker ant!
Your Armour skill increases to level 4!
You feel sick. Something hits you. Something hits you.
* * * LOW HITPOINT WARNING * * *
You hit something.
You feel sick. Something hits you!
You die...

###.#####..)....######..#*≈≈***
#.* #.##....# ####≈≈≈≈≈≈ *
#,****#,*#.(..##### ***≈≈*** **
*,*,,,#.*#........# *,****,,
,****,*,..#.##.#..###.##**,**,**,
*,,,,,,,#.........#......,,,,,**,
,****,,*##..........#..,*,,*,,,,,
** *,,,#...##.#.#...#.#,,,*,***,
* *,*,,.#**#.#@#....>..,,*,***,
*,*,,,* #.......#.#,,,,,,,,,
*,,,,,* ##.##..#...#,,*,****
*****,* #.#*#.?..,,,,,<* *
*,****#.#**#####*,****
*,**,,...,,* *,,,* *,**,,...,,*
*,*** **,**,.....,* *,**
*,,**,.....,* *,,*


There were no monsters in sight!

Vanquished Creatures
  Natasha (thrice) (D:3)
  A worker ant (D:4)
  Terence (D:3)
  4 adders
  A river rat (D:4)
  4 giant geckos
  An ooze (D:2)
  2 orcs (D:3)
  4 giant cockroaches
  5 goblins
  6 hobgoblins
  8 jackals
  6 kobolds
  5 bats
  4 giant newts
  6 quokkas
  5 rats
  A fungus (D:1)
67 creatures vanquished.

Notes
Turn   | Place    | Note
--------------------------------------------------------------
     0 | D:1      | Emanloe, the Hill Orc Fighter, began the quest for the Orb.
     0 | D:1      | Reached XP level 1. HP: 19/19 MP: 1/1
    53 | D:1      | Reached XP level 2. HP: 10/27 MP: 2/2
   869 | D:2      | Reached XP level 3. HP: 28/33 MP: 3/3
  1242 | D:2      | Reached skill level 4 in Fighting
  1450 | D:3      | Noticed Natasha
  1456 | D:3      | Killed Natasha
  1456 | D:3      | Reached skill level 1 in Dodging
  1456 | D:3      | Reached XP level 4. HP: 30/40 MP: 4/4
  1482 | D:3      | Noticed Natasha
  1491 | D:3      | Killed Natasha
  1517 | D:3      | Noticed Natasha
  1521 | D:3      | Killed Natasha
  1744 | D:3      | Noticed Terence
  1763 | D:3      | Killed Terence
  2167 | D:3      | Reached XP level 5. HP: 45/47 MP: 5/5
  2475 | D:4      | Found a staircase to the Ecumenical Temple.
  2480 | D:4      | Noticed Sigmund
  2493 | D:4      | Slain by Sigmund

Action                   |  1- 3 |  4- 6 || total
-------------------------+-------+-------++-------
Melee: Long sword        |   122 |    91 ||   213
  Use: Scroll            |     6 |     6 ||    12
       Potion            |     1 |     2 ||     3
  Eat: Beef jerky        |     1 |       ||     1
       Meat ration       |       |     1 ||     1
